General information
			
			
        
        - name: BNet
 
        - type: Ladder 1vs1/FFA
 
        - host: Battle.net
 
        - saver: Erlog
 
        
map: TirisfalGlades 
        - players: 2
 
        - length: 10:43
 
        - speed: Fast
 - version: 1.22 W3XP
 - replay type:  Public
 
» download(21 KB)
Players
        team 1 (winner) 
              
              
twistedgrunt (
yellow | 15 APM | 166 actions | 10:43)
              
 3 Mountain King 
 2 Storm Bolt
 1 Thunder Clap
 
                » actions 
                
                | Assign group hotkey | 1 |  | 
| Basic commands | 19 |  | 
| Build / train | 27 |  | 
| Enter build submenu | 12 |  | 
| Enter hero's abilities submenu | 3 |  | 
| Select / deselect | 74 |  | 
| Select group hotkey | 3 |  | 
| Use ability | 27 |  | 
                166 total
 » units 
                
                | Peasant | 6 |  | 
| Footman | 6 |  | 
| Rifleman | 7 |  | 
                19 total
 » upgrades
                » buildings
                
                | Altar of Kings | 1 |  | 
| Barracks | 1 |  | 
| Farm | 7 |  | 
| Lumber Mill | 1 |  | 
| Blacksmith | 1 |  | 
| Keep | 1 |  | 
                12 total
 » build order
                00:08 Altar of Kings
00:13 Barracks
00:47 Farm
01:41 Farm
02:19 Farm
02:25 Lumber Mill
03:01 Farm
03:15 Blacksmith
03:43 Farm
04:38 Farm
05:36 Farm
08:17 Keep
 
               team 2 (loser) 
              
              
Erlog (
pink | 23 APM | 249 actions | 10:43)
              
 3 Archmage 
 1 Summon Water Elemental
 1 Brilliance Aura
 1 Blizzard
 
                » actions 
                
                | Assign group hotkey | 1 |  | 
| Build / train | 30 |  | 
| ESC pressed | 2 |  | 
| Enter build submenu | 9 |  | 
| Enter hero's abilities submenu | 3 |  | 
| Right click | 89 |  | 
| Select / deselect | 90 |  | 
| Use ability | 25 |  | 
                249 total
 » units 
                
                | Peasant | 9 |  | 
| Footman | 9 |  | 
| Rifleman | 2 |  | 
| Assassin | 1 |  | 
| Murloc Huntsman | 1 |  | 
| Kobold | 1 |  | 
                23 total
 » upgrades
                » buildings
                
                | Altar of Kings | 1 |  | 
| Barracks | 1 |  | 
| Farm | 9 |  | 
| Blacksmith | 1 |  | 
| Lumber Mill | 1 |  | 
                13 total
 » build order
                00:04 Altar of Kings
00:12 Barracks
00:29 Farm
00:34 Farm
02:01 Farm
02:02 Farm
03:33 Blacksmith
03:54 Farm
03:57 Farm
04:03 Lumber Mill
08:25 Farm
08:26 Farm
08:29 Farm
 
                Chat log
          
(09:51 / All) twistedgrunt: lol